 Dungeon Crawl Stone Soup version 0.30-a0-556-g0a0f5a245f (webtiles) character file.

Game seed: 8465172460424785114

74 Bnni the Vexing (level 4, 0/33 HPs)
             Began as a Formicid Hexslinger on Dec 27, 2022.
             Succumbed to their own poison gas
             ... on level 3 of the Dungeon.
             The game lasted 00:03:33 (1708 turns).

Bnni the Vexing (Formicid Hexslinger)               Turns: 1708, Time: 00:03:34

Health: 0/33       AC:  2    Str: 20    XL:     4   Next: 52%
Magic:  1/6        EV: 12    Int: 15    God:
Gold:   156        SH:  0    Dex: 14    Spells: 2/6 levels left

rFire   . . .      SeeInvis +    a - +2 sling
rCold   + . .      Faith    .    (no shield)
rNeg    . . .      Spirit   .    c - +0 robe
rPois   .          Reflect  .    (helmet unavailable)
rElec   .          Harm     .    (no cloak)
rCorr   .          Rampage  .    (no gloves)
Will    .....                    (no boots)
Stlth   +                        (no amulet)
HPRegen 0.25/turn                e - +6 ring of strength
MPRegen 0.10/turn                i - ring of protection from cold

@: lethally poisoned (0 -> -29)
A: permanent stasis, dig shafts and tunnels, antennae 3, four strong arms
a: Dig, Shaft Self


You were on level 3 of the Dungeon.
You visited 1 branch of the dungeon, and saw 3 of its levels.

You collected 156 gold pieces.

Inventory:

Hand Weapons
 a - a +2 sling (weapon)
 j - a +4 vampiric dagger
Armour
 c - a +0 robe (worn)
Jewellery
 e - a +6 ring of strength (left hand)
 i - a ring of protection from cold (right hand)
Scrolls
 b - a scroll of poison
 f - a scroll of magic mapping {unknown}
 g - a scroll of acquirement {unknown}
 h - 2 scrolls of enchant weapon
 l - 2 scrolls of identify {unknown}
 m - a scroll of torment {unknown}
Potions
 d - a potion of haste {unknown}
 k - a potion of brilliance {unknown}
 n - 2 potions of degeneration {unknown}


   Skills:
 + Level 1.7 Fighting
 * Level 2.8 Ranged Weapons
 - Level 1.7 Dodging
 + Level 1.8 Spellcasting
 * Level 4.4 Hexes
 + Level 1.1 Fire Magic


You had 2 spell levels left.
You knew the following spells:

 Your Spells              Type           Power      Damage    Failure   Level
a - Slow                  Hex            56%        N/A       3%          1
b - Inner Flame           Hex/Fire       9%         N/A       22%         3

Your spell library contained the following spells:

 Spells                   Type           Power      Damage    Failure   Level
 Portal Projectile        Hex/Tloc       16%        N/A       26%         3
 Cause Fear               Hex            7%         N/A       34%         4


Dungeon Overview and Level Annotations

Branches:
Dungeon (2/15)

Altars:


Innate Abilities, Weirdness & Mutations

You cannot be hasted, slowed, berserked, paralysed or teleported.
You can dig through walls and to a lower floor.
You have a pair of large antennae on your head. (SInv)
Your four strong arms can wield two-handed weapons with a shield.


Message History

The scorpion stings you. The scorpion barely misses you.
Fire: a) +2 sling
Press: ? - help, Shift-Dir - straight line, f/p - scorpion
Aim: a scorpion (slow, 59% to hit)
You shoot a sling bullet. The sling bullet hits the scorpion.
The scorpion is lightly wounded.
Fire: a) +2 sling
Press: ? - help, Shift-Dir - straight line, f/p - scorpion
Aim: a scorpion (lightly wounded, slow, 59% to hit)
You shoot a sling bullet.
The sling bullet barely misses the scorpion.
The scorpion stings you! The scorpion stings you.
Fire: a) +2 sling
Press: ? - help, Shift-Dir - straight line, f/p - scorpion
Aim: a scorpion (lightly wounded, slow, 59% to hit)
You shoot a sling bullet.
The sling bullet closely misses the scorpion.
The scorpion misses you.
Fire: a) +2 sling
Press: ? - help, Shift-Dir - straight line, f/p - scorpion
Aim: a scorpion (lightly wounded, slow, 59% to hit)
You aren't carrying any items that you can evoke.
Okay, then.
Okay, then.
Okay, then.
Really read the scroll of poison?
The air fills with toxic fumes!
As you read the scroll of poison, it crumbles to dust.
Really walk into that cloud of poison gas? [Y]es or [N]o only, please.
Really walk into that cloud of poison gas? [Y]es or [N]o only, please.
Really walk into that cloud of poison gas?
You are engulfed in poison gas.
You are lethally poisoned!
You feel very sick.
You are engulfed in poison gas.
You are more poisoned.
* * * LOW HITPOINT WARNING * * *
You die...

######.# #......
#.#..# ####§#§§#
#...§§§§# #.##§#§§#
#....§§§#
...#####..#.§§§#
...)..§§§§#§#@§####§§
......§§§§§§§§§§§§§§§
......§§§§§§§s§####..
...#####§§###.§# ..
#....§§§# .
######§#### #..§§§..#
#.##§##.## # #§§...#


You could see a scorpion (slow).

Vanquished Creatures
  An adder (D:2)
  A worm (D:2)
  3 dart slugs
  3 bats
  3 endoplasms (D:2)
  7 giant cockroaches
  3 hobgoblins
  7 jackals
  5 kobolds
  4 quokkas
  A ball python (D:1)
  3 frilled lizards
  6 goblins
  3 rats
50 creatures vanquished.

Notes
Turn   | Place    | Note
-------+----------+-------------------------------------------
     0 | D:1      | Bnni the Formicid Hexslinger began the quest for the Orb.
     0 | D:1      | Reached XP level 1. HP: 15/15 MP: 2/2
   230 | D:1      | Reached XP level 2. HP: 21/21 MP: 3/3
   369 | D:1      | Reached skill level 4 in Hexes
   453 | D:1      | Reached XP level 3. HP: 26/26 MP: 5/5
   457 | D:1      | Learned a level 3 spell: Inner Flame
   950 | D:2      | Reached skill level 1 in Fire Magic
  1026 | D:2      | Reached XP level 4. HP: 21/32 MP: 6/6
  1658 | D:2      | You fall into a shaft and drop 1 floor!
  1684 | D:3      | Noticed a scorpion
  1708 | D:3      | Succumbed to their own poison gas

Illustrated notes

Levels and vault maps discovered:
D:1:      minmay_arrival_up_and_down, layout_basic
D:2:      layout_basic, grunt_ministairs_13, minmay_fractal_squares_gapless_5
D:3:      layout_loops_cross, tso_altar, hangedman_decor_growths,
          chequers_serial_rivers_micro_a

Skill      XL: |  1  2  3 |
---------------+----------+-----
Hexes          | 4 |  4.4
Fire Magic     | 1 |  1.1
Fighting       | |  1.7
Ranged Weapons | |  2.8
Dodging        | |  1.7
Spellcasting   | |  1.8

Action                   |  1- 3 |  4- 6 || total
-------------------------+-------+-------++-------
 Fire: Sling             |   131 |    51 ||   182
 Cast: Slow              |       |     4 ||     4
  Use: Scroll            |       |     2 ||     2
Armor: Robe              |    15 |     4 ||    19
Dodge: Dodged            |    30 |    20 ||    50

Table legend: (Time is in decaauts)
 A = Elapsed time spent in this place.
 B = Non-inter-level travel time spent in this place.
 C = Inter-level travel time spent in this place.
 D = Time resting spent in this place.
 E = Time spent auto-exploring this place.
 F = Levels seen in this place.
 G = Mean time per level.
                   A        B        C        D        E       F      G
               +--------+--------+--------+--------+--------+-----+--------+
         Total |   1757 |   1712 |     45 |      0 |   1360 |   3 |  585.7 |
       Dungeon |   1757 |   1712 |     45 |      0 |   1360 |   3 |  585.7 |
               +--------+--------+--------+--------+--------+-----+--------+

Top non-repeatable levels by time:
     D:1: 868 daAuts
     D:2: 837 daAuts
     D:3: 51 daAuts
